Map: Frozen Temple

Players

Nerchio - Winner!

  • Race: Zerg Zerg

Neeb

  • Race: Protoss Protoss

Event: DreamHack Open Tours WCS Spring Championship

VOD

https://www.youtube.com/watch?v=8rJiup74uLg

Description

Time

  • Played on: May 15, 2016, 12:45 p.m.
  • Length: 13:46

All games in this series

Show
View Real Time Build Order
Export as new Build Order

Nerchio Zerg - Winner!

Build Orders: Hatch First, Lurkers 

Get SALT Encoding   

  12  0:00  Drone  
  13  0:12  Overlord  
  13  0:18  Drone  
  14  0:31  Drone x2  
  14  0:34  Drone  
  17  0:52  Hatchery  
  17  0:56  Drone  
  17  0:59  Drone  
  18  1:05  Extractor  
  17  1:14  Spawning Pool  
  17  1:18  Drone  
  17  1:21  Drone  
  18  1:28  Drone  
  19  1:38  Overlord  
  19  1:52  Drone  
  20  2:01  Queen  
  20  2:02  Zergling x2  
  20  2:04  Queen  
  20  2:06  Metabolic Boost  
  25  2:10  Drone  
  25  2:15  Drone  
  27  2:17  Drone  
  27  2:22  Drone  
  29  2:38  Hatchery  
  29  2:40  Zergling x2  
  29  2:44  Zergling x2  
  30  2:45  Drone  
  30  2:47  Drone  
  32  2:52  Overlord  
  32  2:59  Drone  
  32  3:00  Drone  
  32  3:04  Overlord  
  34  3:11  Zergling x4  
  34  3:12  Drone x2  
  38  3:14  Drone  
  38  3:16  Drone  
  38  3:18  Drone  
  40  3:20  Drone  
  41  3:27  Queen  
  41  3:29  Drone  
  41  3:31  Drone  
  45  3:36  Overlord  
  45  3:41  Drone  
  45  3:45  Overlord  
  45  3:46  Drone x3  
  49  3:49  Drone  
  49  3:50  Drone  
  49  3:51  Drone  
  49  3:53  Drone  
  49  3:54  Drone  
  54  3:57  Overlord  
  54  4:01  Drone  
  55  4:04  Queen  
  55  4:05  Drone  
  55  4:07  Drone  
  59  4:11  Spore Crawler  
  59  4:15  Drone x2  
  59  4:16  Drone  
  61  4:17  Drone x2  
  61  4:22  Evolution Chamber  
  61  4:23  Extractor, Overlord  
  60  4:26  Drone x2  
  60  4:28  Drone  
  62  4:36  Queen  
  62  4:37  Spore Crawler  
  62  4:38  Overlord x2  
  63  4:41  Spore Crawler  
  62  4:50  Drone x8  
  68  4:54  Zerg Melee Weapons Level 1, Extractor  
  65  5:01  Lair  
  65  5:07  Extractor, Drone x2  
  65  5:08  Drone x2  
  65  5:11  Drone x2  
  65  5:12  Extractor, Drone x2  
  65  5:13  Extractor  
  70  5:14  Drone x2  
  71  5:22  Overlord  
  71  5:23  Drone x3  
  71  5:24  Overlord  
  73  5:30  Drone x3  
  73  5:31  Drone  
  73  5:32  Drone  
  73  5:33  Drone x3  
  81  5:36  Overlord  
  81  5:41  Zergling x2  
  81  5:50  Drone  
  81  5:51  Drone x2  
  81  5:55  Hatchery  
  83  5:57  Drone  
  83  5:58  Drone  
  83  5:59  Hydralisk Den, Zergling x8  
  83  6:00  Zergling x2  
  89  6:05  Spore Crawler  
  89  6:10  Drone x2  
  90  6:12  Spore Crawler  
  90  6:13  Overlord  
  90  6:17  Drone x2  
  88  6:25  Drone  
  88  6:30  Muscular Augments, Hydralisk x7  
  103  6:36  Hydralisk x2  
  106  6:40  Hydralisk  
  106  6:43  Overseer  
  106  6:45  Extractor  
  106  6:46  Extractor  
  106  6:48  Hydralisk x3  
  106  6:51  Zerg Melee Weapons Level 2  
  106  6:53  Hydralisk  
  114  6:55  Evolution Chamber  
  114  6:58  Overlord x2  
  113  7:06  Zergling x2  
  113  7:10  Drone  
  113  7:11  Hydralisk x4, Drone x2  
  113  7:14  Hydralisk  
  126  7:19  Hydralisk x2  
  126  7:21  Zerg Missile Weapons Level 1  
  129  7:25  Zergling x6  
  132  7:30  Drone x3  
  132  7:31  Overlord  
  132  7:32  Overlord  
  132  7:35  Zergling x6  
  139  7:37  Zergling x2  
  139  7:40  Zergling x2  
  139  7:41  Zergling x4  
  139  7:44  Lurker Den  
  138  7:46  Zergling x2  
  138  7:47  Zergling x2  
  138  7:49  Overseer  
  138  7:51  Pneumatized Carapace  
  136  7:59  Hydralisk x3  
  136  8:03  Overlord x2  
  136  8:05  Overlord  
  142  8:12  Overlord  
  142  8:16  Overlord x2  
  142  8:23  Hydralisk x5  
  150  8:35  Hydralisk x5  
  150  8:36  Hydralisk  
  150  8:39  Zergling x4  
  150  8:40  Zergling x2  
  161  8:44  Hydralisk  
  161  8:45  Hydralisk  
  165  8:50  Zergling x12  
  171  8:58  Zergling x2  
  171  8:59  Zergling x14  
  179  9:06  Zergling x8  
  179  9:07  Zergling x2  
  184  9:10  Lurker  
  184  9:11  Lurker x4  
  184  9:12  Zergling x4  
  184  9:13  Lurker  
  184  9:14  Lurker  
  188  9:20  Zergling x12  
  188  9:21  Zergling x2  
  188  9:22  Zergling x2  
  191  9:43  Zergling x2  
  191  9:44  Zergling x14  
  194  9:49  Hydralisk x5  
  199  9:55  Overseer x2  
  196  10:14  Hydralisk  
  196  10:15  Hydralisk  
  196  10:16  Hydralisk  
  196  10:17  Hydralisk  
  196  10:23  Zergling x12  
  196  10:28  Zergling x14  
  192  10:33  Hydralisk x2  
  198  10:38  Hydralisk x3  
  196  10:46  Hydralisk x2  
  199  10:50  Zerg Ground Armor Level 1, Zerg Missile Weapons Level 2, Infestation Pit  
  198  11:05  Hatchery  
  189  11:15  Overlord x2  
  189  11:17  Overlord x4  
  175  11:22  Hydralisk x3  
  175  11:24  Zergling x18  
  169  11:28  Hydralisk  
  169  11:29  Hydralisk  
  169  11:31  Zergling x4  
  156  11:33  Hydralisk x2  
  156  11:38  Hydralisk  
  147  11:41  Hydralisk x2  
  145  11:47  Hydralisk  
  145  11:48  Hydralisk  
  145  11:49  Hydralisk  
  145  11:52  Hydralisk  
  148  11:56  Hive, Queen  
  148  11:59  Hydralisk x3  
  148  12:00  Hydralisk x3  
  156  12:02  Lurker x2  
  156  12:06  Hydralisk x2  
  157  12:09  Lurker x2  
  157  12:10  Zergling x2  
  157  12:13  Zergling x4  
  162  12:17  Zergling x4  
  162  12:20  Overseer  
  162  12:21  Zergling x2  
  162  12:22  Overseer  
  165  12:23  Zergling x4  
  165  12:25  Zergling x2  
  165  12:26  Zergling x2  
  165  12:28  Zergling x4  
  171  12:30  Zergling x4  
  171  12:34  Zergling x4  
  174  12:43  Zergling x10  
  170  12:45  Zergling x4  
  170  12:46  Zergling x6  
  173  12:52  Lurker x5  
  173  12:55  Zergling x4  
  178  13:00  Hydralisk x2  
  166  13:06  Zergling x10  
  171  13:15  Ultralisk Cavern  
  171  13:16  Zergling x8  
  170  13:21  Zergling x6  
  170  13:25  Zergling x6  
Show
View Real Time Build Order
Export as new Build Order

Neeb Protoss 

Build Orders: 1 Gate Expand, Phoenix Opening 

Get SALT Encoding   

  12  0:00  Probe (Chrono Boost)  
  13  0:11  Probe (Chrono Boost)  
  14  0:17  Pylon  
  14  0:22  Probe (Chrono Boost)  
  15  0:36  Probe (Chrono Boost)  
  15  0:38  Gateway  
  16  0:46  Probe (Chrono Boost)  
  18  0:57  Probe (Chrono Boost)  
  18  0:59  Assimilator  
  18  1:07  Probe (Chrono Boost)  
  19  1:18  Nexus  
  19  1:22  Probe (Chrono Boost)  
  20  1:31  Cybernetics Core  
  20  1:34  Probe (Chrono Boost)  
  21  1:40  Assimilator  
  21  1:45  Probe (Chrono Boost)  
  22  1:48  Pylon  
  22  1:55  Probe (Chrono Boost)  
  23  2:06  Probe (Chrono Boost)  
  23  2:07  Adept (Chrono Boost), Warp Gate  
  26  2:18  Probe  
  27  2:28  Probe  
  27  2:30  Probe  
  27  2:31  Stalker (Chrono Boost)  
  31  2:39  Probe  
  31  2:40  Stargate  
  31  2:43  Probe  
  33  2:50  Probe (Chrono Boost)  
  34  2:55  Probe (Chrono Boost)  
  35  3:02  Probe (Chrono Boost)  
  36  3:06  Probe (Chrono Boost)  
  36  3:10  Gateway  
  36  3:12  Probe (Chrono Boost), Gateway  
  38  3:16  Mothership Core (Chrono Boost)  
  40  3:21  Probe (Chrono Boost)  
  40  3:23  Pylon  
  40  3:24  Phoenix (Chrono Boost)  
  43  3:31  Probe  
  44  3:36  Probe  
  44  3:39  Pylon  
  45  3:42  Probe  
  45  3:47  Phoenix (Chrono Boost)  
  49  3:48  Probe  
  49  3:52  Probe  
  50  4:00  Probe  
  50  4:02  Pylon  
  51  4:03  Probe  
  51  4:09  Phoenix (Chrono Boost)  
  54  4:12  Probe  
  54  4:13  Adept x2  
  54  4:15  Adept, Probe  
  60  4:24  Probe  
  60  4:29  Nexus, Probe  
  62  4:33  Phoenix (Chrono Boost)  
  62  4:35  Pylon  
  62  4:37  Probe  
  65  4:39  Probe  
  65  4:42  Assimilator  
  65  4:43  Assimilator  
  66  4:47  Pylon  
  66  4:49  Probe  
  66  4:51  Probe  
  67  4:57  Robotics Facility  
  67  4:58  Forge  
  68  5:03  Probe  
  69  5:07  Robotics Facility, Probe  
  70  5:15  Probe  
  70  5:17  Pylon  
  70  5:18  Probe  
  70  5:19  Phoenix (Chrono Boost)  
  74  5:25  Protoss Ground Weapons Level 1 (Chrono Boost)  
  74  5:27  Probe  
  75  5:29  Probe  
  75  5:30  Sentry  
  78  5:36  Assimilator  
  78  5:38  Assimilator  
  78  5:39  Probe  
  78  5:40  Probe  
  78  5:41  Probe  
  81  5:50  Observer (Chrono Boost)  
  81  5:51  Probe  
  81  5:52  Probe  
  81  5:53  Probe  
  81  5:55  Immortal (Chrono Boost)  
  89  6:00  Pylon  
  89  6:03  Pylon, Probe  
  90  6:04  Probe  
  90  6:05  Probe  
  90  6:06  Twilight Council  
  92  6:14  Immortal (Chrono Boost)  
  92  6:16  Probe x2  
  92  6:17  Probe  
  99  6:26  Sentry x2  
  99  6:27  Stalker  
  99  6:28  Probe  
  99  6:31  Immortal (Chrono Boost)  
  111  6:36  Pylon  
  111  6:37  Gateway  
  111  6:38  Pylon, Gateway  
  110  6:44  Blink (Chrono Boost)  
  110  6:49  Sentry  
  110  6:50  Sentry  
  114  6:57  Gateway, Immortal  
  114  6:58  Gateway  
  114  7:02  Gateway  
  122  7:08  Immortal  
  122  7:11  Sentry  
  122  7:15  Pylon x2  
  124  7:23  Sentry  
  124  7:24  Sentry  
  124  7:28  Pylon x2  
  124  7:29  Pylon  
  128  7:30  Protoss Ground Weapons Level 2  
  128  7:33  Immortal  
  129  7:50  Stalker x2, Sentry  
  129  7:51  Stalker  
  135  7:56  Nexus  
  135  7:57  Pylon  
  135  8:03  Probe x3  
  135  8:04  Pylon  
  135  8:05  Immortal  
  142  8:09  Stalker x3  
  142  8:10  Warp Prism  
  150  8:23  Stalker x2  
  153  8:27  Stalker x2  
  153  8:28  Stalker  
  159  8:50  Photon Cannon  
  159  8:51  Gateway  
  159  8:52  Stalker x3, Gateway  
  159  8:53  Stalker x2  
  169  9:01  Probe x2  
  171  9:15  Stalker x2  
  171  9:16  Stalker x4  
  183  9:23  Stalker x2  
  179  9:28  Assimilator  
  179  9:29  Assimilator  
  179  9:40  Robotics Bay  
  179  9:41  Stalker  
  179  9:42  Stalker x3  
  179  9:46  Resonating Glaives (Chrono Boost)  
  179  10:02  Photon Cannon  
  179  10:05  Pylon, Photon Cannon  
  179  10:06  Photon Cannon  
  177  10:15  Stalker x3  
  177  10:16  Stalker x3  
  173  10:25  Stalker x3  
  174  10:41  Adept x3  
  174  10:42  Adept x2  
  182  10:44  Probe x3, Disruptor  
  182  10:49  Disruptor  
  191  10:59  Stalker x3  
  185  11:13  Probe  
  182  11:19  Stalker x5  
  182  11:20  Stalker  
  147  11:49  Stalker  
  147  11:51  Stalker x4  
  150  12:03  Disruptor  
  150  12:08  Sentry x4  
  156  12:09  Disruptor  
  156  12:11  Pylon  
  154  12:46  Stalker x2  
  154  12:47  Stalker x4  
  156  13:13  Cybernetics Core  
  156  13:17  Zealot x4  
  156  13:18  Zealot x4  

Tags
 
Add a new tag
Caveats
  • Supply blocks, unpowered buildings, or Contaminate may cause inaccurate times.
  • Supply counts are checked every 10 seconds.